 Dungeon Crawl Stone Soup version 0.28-a0-199-g298df9dbad (webtiles) character file.

Game seed: 5956296364089160083

14 Whiskey the Skirmisher (level 2, -2/24 HPs)
             Began as a Demonspawn Fighter on Aug 19, 2021.
             Slain by Natasha (5 damage)
             ... on level 2 of the Dungeon.
             The game lasted 00:01:21 (693 turns).

Whiskey the Skirmisher (Demonspawn Fighter)          Turns: 693, Time: 00:01:22

Health: -2/24      AC:  7    Str: 16    XL:     2   Next: 27%
Magic:  2/2        EV:  6    Int:  9    God:
Gold:   15         SH:  8    Dex: 12    Spells: 1/1 levels left

rFire   . . .      SeeInvis .   a - +0 war axe
rCold   . . .      Faith    .   c - +0 kite shield
rNeg    . . .      Spirit   .   b - +0 scale mail
rPois   .          Reflect  .   (no helmet)
rElec   .          Harm     .   (no cloak)
rCorr   .          Rampage  .   e - +0 pair of gloves
Will    .....                   (no boots)
Stlth   ..........              (no amulet)
HPRegen 0.08/turn               (no ring)
MPRegen 0.08/turn               (no ring)

@: slowed, very slow
A: hooves 1
a: no special abilities


You were on level 2 of the Dungeon.
You visited 1 branch of the dungeon, and saw 2 of its levels.

You collected 15 gold pieces.

Inventory:

Hand Weapons
 a - a +0 war axe (weapon)
Armour
 b - a +0 scale mail (worn)
 c - a +0 kite shield (worn)
 e - a +0 pair of gloves (worn)
   (You found it on level 1 of the Dungeon)
Potions
 d - a potion of might
 f - a potion of lignification {unknown}


   Skills:
 + Level 3.1 Fighting
 + Level 2.0 Axes
 + Level 2.9 Armour
 + Level 2.9 Shields


You had one spell level left.
You didn't know any spells.
Your spell library was empty.

Dungeon Overview and Level Annotations

Branches:
Dungeon (2/15)

Altars:

Shops:
D:1 (

Annotations:
D:2 Natasha


Innate Abilities, Weirdness & Mutations

You have large cloven feet.


Message History

Found a stone staircase leading down.
No target in view!
Natasha, Servant of Life and Death comes into view.
Natasha hisses angrily.
Natasha casts a spell at you.
You feel yourself slow down. Natasha casts a spell at you.
The magic dart hits you.
You take 2 damage, and have 22/24 hp.
A bat comes into view.
The bat moves out of view.
Natasha barely misses you.
You hit Natasha. You kick Natasha, but do no damage.
The bat hits you but does no damage. You block Natasha's attack.
Natasha casts a spell at you.
You feel as though you will be slow longer.
The bat hits you but does no damage.
You slash Natasha! Your kick misses Natasha. You closely miss the bat.
You block the bat's attack. Natasha claws you. The bat completely misses you.
Natasha mumbles some strange words.
Natasha claws you.
You closely miss Natasha. Your kick misses Natasha.
You completely miss the bat. The bat completely misses you.
You block the bat's attack.
Natasha drinks a potion.
Natasha is healed!
Natasha claws you.
You take 7 damage, and have 15/24 hp.
MASSIVE DAMAGE!!
You closely miss Natasha. You kick Natasha, but do no damage.
Your shield prevents you from hitting the iron imp.
You block the bat's attack. You block Natasha's attack.
The iron imp barely misses you.
Natasha mewls in sadness.
Natasha claws you but does no damage. The bat hits you but does no damage.
The iron imp hits you but does no damage.
Natasha claws you but does no damage.
You closely miss Natasha.
Your shield and scale mail prevent you from hitting the iron imp.
You completely miss the bat. The bat hits you but does no damage. x2
The iron imp hits you but does no damage.
Natasha claws you!
The iron imp hits you but does no damage.
Natasha claws you but does no damage.
You are too injured to fight recklessly!
You take 7 damage, and have 9/24 hp.
MASSIVE DAMAGE!!
You are too injured to fight recklessly!
You are too injured to fight recklessly!
You are too injured to fight recklessly!
You are too injured to fight recklessly!
You are too injured to fight recklessly!
You are too injured to fight recklessly!
You are too injured to fight recklessly!
You are too injured to fight recklessly!
You are too injured to fight recklessly!
You are too injured to fight recklessly!
You are too injured to fight recklessly!
You are too injured to fight recklessly!
You are too injured to fight recklessly!
You are too injured to fight recklessly!
You are too injured to fight recklessly!
You are too injured to fight recklessly!
You are too injured to fight recklessly!
You are too injured to fight recklessly!
You miss Natasha. You closely miss the iron imp.
The iron imp disappears in a puff of smoke!
The bat hits you but does no damage. Natasha casts a spell at you.
You resist with significant effort.
Natasha mumbles some strange words.
The bat barely misses you.
You closely miss Natasha. Your kick misses Natasha.
You closely miss the crimson imp. You miss the bat.
The bat hits you but does no damage. The bat hits you.
The bat barely misses you. Natasha claws you but does no damage.
You block the crimson imp's attack.
Natasha stares at you and mumbles some strange words.
The magic dart hits you.
* * * LOW HITPOINT WARNING * * *
You block the bat's attack. You block the crimson imp's attack.
Natasha claws you but does no damage.
You take 6 damage, and have 3/24 hp.
MASSIVE DAMAGE!!
You closely miss Natasha. Your kick misses Natasha. You hit the crimson imp.
The bat hits you but does no damage. You block the crimson imp's attack.
Natasha wildly gestures.
Natasha shimmers violently.
Natasha mumbles some strange words.
You block the crimson imp's attack. Natasha completely misses you.
You block the bat's attack.
The crimson imp blinks!
You feel better. You block the bat's attack. Natasha claws you!
* * * LOW HITPOINT WARNING * * *
The crimson imp hits you but does no damage.
Natasha claws you.
* * * LOW HITPOINT WARNING * * *
The bat hits you but does no damage.
You take 1 damage, and have 2/24 hp.
You slash Natasha! Your kick misses Natasha. You hit the bat.
You closely miss the crimson imp. The bat hits you but does no damage.
The crimson imp hits you but does no damage.
The bat hits you but does no damage. Natasha claws you but does no damage.
The crimson imp hits you but does no damage.
Natasha claws you.
You die...

......
#....###.
.....#...
#........
#........ #
#.)......
#.#h5......
#.#@.b.....
#..5......>
###......#.
#......#
#......#......
#.............
##.............
#..............
#..............


You could see Natasha, a crimson imp (summoned), a shadow imp (summoned) and a
bat.

Vanquished Creatures
  2 endoplasms (D:1)
  A giant cockroach (D:1)
  4 hobgoblins (D:1)
  A ball python (D:1)
  3 frilled lizards (D:1)
  A kobold (D:2)
  A rat (D:2)
13 creatures vanquished.

Vanquished Creatures (others)
  A plant (D:1)
1 creature vanquished.

Grand Total: 14 creatures vanquished

Notes
Turn   | Place    | Note
-------+----------+-------------------------------------------
     0 | D:1      | Whiskey the Demonspawn Fighter began the quest for the Orb.
     0 | D:1      | Reached XP level 1. HP: 18/18 MP: 1/1
   255 | D:1      | Found Uciokhlo's Weapon Boutique.
   282 | D:1      | Reached skill level 2 in Axes
   386 | D:1      | Gained mutation: You have large cloven feet. [demonic
                  | ancestry]
   386 | D:1      | Reached XP level 2. HP: 22/24 MP: 2/2
   680 | D:2      | Noticed Natasha
   690 | D:2      | Noticed a crimson imp
   690 | D:2      | HP: 3/24 [Natasha/magic dart (5)]
   693 | D:2      | Slain by Natasha

Illustrated notes

Levels and vault maps discovered:
D:1:      mrwooster_arrival_statue, layout_rooms, serial_shops,
          nicolae_shop_waterfront, serial_bayou_lagoon_b
D:2:      layout_basic, hellmonk_ecumenical_altar_inner_sanctum, uniq_natasha

Skill      XL: |  1 |
---------------+----+-----
Axes           | 2 |  2.0
Fighting       | |  3.1
Armour         | |  2.9
Shields        | |  2.9

Action                   || total
-------------------------++-------
Melee: War axe           ||    44
       Kick              ||     3
  Use: Potion            ||     1
Armor: Scale mail        ||    34
Dodge: Dodged            ||    21
Block: Kite shield       ||    32

Table legend: (Time is in decaauts)
 A = Elapsed time spent in this place.
 B = Non-inter-level travel time spent in this place.
 C = Inter-level travel time spent in this place.
 D = Time resting spent in this place.
 E = Time spent auto-exploring this place.
 F = Levels seen in this place.
 G = Mean time per level.
                   A        B        C        D        E       F      G
               +--------+--------+--------+--------+--------+-----+--------+
         Total |    745 |    715 |     30 |      0 |    592 |   2 |  372.5 |
       Dungeon |    745 |    715 |     30 |      0 |    592 |   2 |  372.5 |
               +--------+--------+--------+--------+--------+-----+--------+

Top non-repeatable levels by time:
     D:1: 691 daAuts
     D:2: 54 daAuts

Table legend:
 A = Kills in this place as a percentage of kills in entire the game.
 B = Kills by you in this place as a percentage of kills by you in the entire game.
 C = Kills by friends in this place as a percentage of kills by friends in the entire game.
 D = Other kills in this place as a percentage of other kills in the entire game.
 E = Experience gained in this place as a percentage of experience gained in the entire game.
 F = Experience gained in this place divided by the number of levels of this place that you have seen.
                   A       B       C       D       E      F
               +-------+-------+-------+-------+-------+----------------------
         Total | 100.0 | 100.0 |   N/A |   N/A | 100.0 |  10.0
       Dungeon | 100.0 | 100.0 |   N/A |   N/A | 100.0 |  10.0
               +-------+-------+-------+-------+-------+----------------------
